 Dungeon Crawl Stone Soup version 0.17-a0-1763-g847a857 (webtiles) character file.

22557 kae the Severer (level 13, -7/113 HPs)
             Began as a Hill Orc Fighter on Sept 5, 2015.
             Was a High Priest of Qazlal.
             Mangled by a polar bear (22 damage)
             ... in an ice cave.
             The game lasted 00:27:23 (17186 turns).

kae the Severer (Hill Orc Fighter)                 Turns: 17186, Time: 00:27:24

Health: -7/113     AC: 18    Str: 22    XL:     13   Next: 1%
Magic:  22/22      EV:  8    Int:  8    God:    Qazlal [*****.]
Gold:   493        SH: 15    Dex: 12    Spells: 0 memorised, 12 levels left

rFire  . . .     SeeInvis +     a - +1 war axe
rCold  . . .     Clarity  .     M - +2 scale mail {rPois}
rNeg   . . .     SustAt   .     c - +0 shield
rPois  +         Gourm    .     O - +0 helmet
rElec  .         Spirit   .     N - +0 cloak
rCorr  .         Warding  .     (no gloves)
rMut   .         Stasis   +     t - +0 pair of boots
MR     .....                    i - amulet of stasis
Stlth  ..........               J - +1 ring of evasion (curse)
                                B - ring of see invisible

@: protected from physical damage, repel missiles, not resistant to hostile
enchantments, extremely unstealthy
A: no striking features
a: Upheaval, Elemental Force, Disaster Area, Renounce Religion


You were in an ice cave.
You worshipped Qazlal.
Qazlal was extremely pleased with you.
You were hungry.

You visited 2 branches of the dungeon, and saw 12 of its levels.
You also visited: Ice Cave.

You collected 817 gold pieces.
You spent 324 gold pieces at shops.

Inventory:

Hand weapons
 a - a +1 war axe (weapon)
Armour
 c - a +0 shield (worn)
 t - a +0 pair of boots (worn)
 M - a +2 scale mail of poison resistance (worn)
 N - a +0 cloak (worn)
 O - a +0 helmet (worn)
Jewellery
 i - an amulet of stasis (around neck)
 s - an uncursed ring of ice
 B - a ring of see invisible (left hand)
 F - an uncursed ring of protection from magic {unknown}
 J - a cursed +1 ring of evasion (right hand)
Magical devices
 g - a wand of slowing (15)
 o - a wand of flame (20)
 r - a wand of confusion (20)
 C - a wand of flame (0)
 H - a wand of heal wounds (0)
 P - a wand of disintegration (9)
 R - a wand of magic darts (18)
Scrolls
 f - 2 scrolls of enchant weapon
 j - 10 scrolls of remove curse
 n - 5 scrolls of teleportation
 y - 11 scrolls of identify
 E - a scroll of immolation
 L - a scroll of fog
Potions
 d - a potion of degeneration {unknown}
 h - 2 potions of brilliance
 l - a potion of agility {unknown}
 p - 5 potions of flight
 q - 2 potions of berserk rage {unknown}
 w - 2 potions of lignification {unknown}
 x - a potion of cure mutation {unknown}
 z - 2 potions of magic {unknown}
 A - a potion of cancellation {unknown}
 G - a potion of haste
 I - a potion of resistance
 Q - a potion of might
Books
 u - a book of the Sky

   Spells                             Type                      Level
   a - Summon Lightning Spire         Summoning/Air                4
   b - Airstrike                      Air                          4
   c - Silence                        Hexes/Air                    5
   d - Deflect Missiles               Charms/Air                   6
   e - Conjure Ball Lightning         Conjuration/Air              6
   f - Tornado                        Air                          9
 v - a Fen Folio

   Spells                             Type                      Level
   a - Corpse Rot                     Necromancy                   2
   b - Stone Arrow                    Conjuration/Earth            3
   c - Leda's Liquefaction            Hexes/Earth                  4
   d - Summon Forest                  Summoning/Translocation      5
   e - Hydra Form                     Transmutation                6
   f - Summon Hydra                   Summoning                    7
Comestibles
 b - 15 fruits
 e - 6 bread rations
 k - 3 beef jerkies
 m - 4 meat rations
 D - a slice of pizza
 K - 2 chunks of flesh


   Skills:
 - Level 10.0 Fighting
 - Level 17.0 Axes
 + Level 11.3 Armour
 - Level 3.2 Shields
 - Level 13.0 Invocations


You had 12 spell levels left.
You didn't know any spells.

Dungeon Overview and Level Annotations

Branches:
Dungeon (10/15)            Temple (0/1) D:6            Lair (2/8) D:10
    Orc: D:9-12

Altars:
Cheibriados
Elyvilon
Fedhas
Makhleb
Qazlal
Ru
The Shining One

Shops:
D:10 [


Message History

* * * LOW HITPOINT WARNING * * *
You block the polar bear's attack.
You hit the polar bear.
The polar bear is heavily wounded.
You slice the polar bear!!
The polar bear is almost dead.
The polar bear goes berserk!
You hit the polar bear.
The polar bear is almost dead.
You are feeling hungry.
The polar bear bites you!
* * * LOW HITPOINT WARNING * * *
You block the polar bear's attack. The polar bear claws you.
* * * LOW HITPOINT WARNING * * *
You feel more protected from physical attacks.
Evoke which item? (* to show all) (? for menu, Esc to quit)
Zapping:
H - a wand of heal wounds {zapped: 4} (will waste charges)
Press: ? - help, Shift-Dir - straight line, f - you Nothing appears to happen.
The polar bear bites you!!
You die...

#≈#≈§≈≈≈≈# ##..#
#≈≈§≈≈≈≈## ######.#.#
##≈≈#≈≈## ##..##..###
#≈≈##≈≈# ###..###.####
##≈≈≈# ####....##..#..#
#≈≈#≈#####...#.###.†..#
#≈≈###h##.#.#.#.####..}#
#≈≈# #h#....####.###.⌠.#
#≈## #.@.#.## #..##...#
#≈ ##.#### ##.##.... #≈
### #..##... #≈ ###
##.###.. #≈ ##.# ##..#
### #.§####...#
##.§.##.§### #..#.#§..#
## ##.##....## ##.


You could see 2 polar bears.

Vanquished Creatures
  Fannar (D:10)
  3 death yaks (IceCv)
  An ice statue (IceCv)
  Pikel (D:5)
  The ghost of emiel the Cleaver, an experienced HuBe of Trog (D:6)
  Joseph (D:7)
  A komodo dragon (Lair:2)
  12 polar bears (IceCv)
  2 two-headed ogres (D:8)
  Grinder (D:5)
  12 blink frogs
  A trapdoor spider (D:10)
  Sigmund (D:4)
  A wyvern (D:8)
  A deep elf mage (D:10)
  A deep elf fighter (D:10)
  29 yaks
  10 wolves (IceCv)
  A hippogriff (D:10)
  Edmund (D:4)
  5 water moccasins
  3 orc warriors
  3 porcupines
  Duvessa (D:5)
  A black bear (D:7)
  4 sky beasts
  3 ice beasts
  3 slaves (D:5)
  A necrophage (D:4)
  4 phantoms
  9 centaurs
  5 crocodiles
  An ogre (D:8)
  Blork the orc (D:5)
  A gnoll sergeant (D:7)
  8 giant frogs
  2 wyvern zombies (D:7)
  Dowan (D:5)
  A water moccasin zombie (D:9)
  2 water moccasin skeletons
  2 scorpions
  6 crimson imps
  A jelly (D:8)
  3 giant frog zombies (D:9)
  6 hounds
  2 centaur skeletons (D:10)
  7 orc priests
  3 giant frog skeletons
  A gnoll shaman (D:5)
  Jessica (D:2)
  6 orc wizards
  2 iguanas (D:4)
  6 sheep (Lair:1)
  8 worker ants
  7 adders
  24 gnolls
  19 river rats
  3 shadow imps
  An ooze (D:2)
  3 adder zombies
  An adder skeleton (D:4)
  2 worms
  39 orcs
  A ball python (D:4)
  18 goblins
  12 hobgoblins
  12 jackals
  8 quokkas
  20 bats
  7 giant cockroaches
  4 giant geckos
  7 giant newts
  A jackal skeleton (D:5)
  A jackal zombie (D:5)
  14 kobolds
  A quokka skeleton (D:4)
  A quokka zombie (D:5)
  40 rats
  16 fungi
  12 plants
469 creatures vanquished.

Vanquished Creatures (others)
  2 polar bears (IceCv)
  A yak (IceCv)
  A wolf (IceCv)
  6 fungi
  2 plants (D:10)
12 creatures vanquished.

Grand Total: 481 creatures vanquished

Notes
Turn   | Place    | Note
--------------------------------------------------------------
     0 | D:1      | kae the Hill Orc Fighter began the quest for the Orb.
     0 | D:1      | Reached XP level 1. HP: 19/19 MP: 1/1
   137 | D:1      | Reached XP level 2. HP: 21/26 MP: 2/2
   151 | D:1      | Reached skill level 4 in Axes
   364 | D:1      | Reached XP level 3. HP: 28/31 MP: 3/3
   651 | D:2      | Found a faded altar to an unknown god.
   711 | D:2      | Reached skill level 5 in Axes
   842 | D:2      | Reached XP level 4. HP: 35/39 MP: 4/4
  1146 | D:2      | Found a stormy altar of Qazlal.
  1381 | D:3      | Reached skill level 6 in Axes
  1414 | D:3      | Reached XP level 5. HP: 34/45 MP: 5/5
  1596 | D:3      | Reached skill level 7 in Axes
  2131 | D:2      | Noticed Jessica
  2135 | D:2      | Killed Jessica
  2144 | D:2      | Became a worshipper of Qazlal Stormbringer
  2373 | D:3      | Reached skill level 8 in Axes
  2373 | D:3      | Reached XP level 6. HP: 14/51 MP: 6/6
  2618 | D:3      | Found a snail-covered altar of Cheibriados.
  2982 | D:4      | Noticed a necrophage
  2993 | D:4      | Killed a necrophage
  2993 | D:4      | Reached skill level 9 in Axes
  3214 | D:4      | Noticed Sigmund
  3232 | D:4      | Killed Sigmund
  3232 | D:4      | Reached skill level 10 in Axes
  3232 | D:4      | Reached XP level 7. HP: 53/57 MP: 7/7
  3272 | D:4      | Acquired Qazlal's first power
  3306 | D:4      | Noticed Edmund
  3314 | D:4      | Killed Edmund
  3349 | D:4      | Reached skill level 11 in Axes
  3355 | D:4      | Found a glowing golden altar of the Shining One.
  3657 | D:5      | Entered Level 5 of the Dungeon
  3747 | D:5      | Noticed Grinder
  3765 | D:5      | Killed Grinder
  3765 | D:5      | Reached XP level 8. HP: 11/64 MP: 8/8
  3981 | D:5      | Reached skill level 12 in Axes
  4009 | D:5      | Noticed Blork the orc
  4683 | D:5      | Reached skill level 13 in Axes
  5113 | D:5      | Killed Blork the orc
  5119 | D:5      | Acquired Qazlal's second power
  5254 | D:5      | Noticed Duvessa
  5258 | D:5      | Noticed Dowan
  5268 | D:5      | Killed Duvessa
  5282 | D:5      | Killed Dowan
  5282 | D:5      | Reached skill level 14 in Axes
  5282 | D:5      | Reached XP level 9. HP: 42/70 MP: 9/9
  5963 | D:5      | Noticed Pikel
  5975 | D:5      | Killed Pikel
  5975 | D:5      | Reached skill level 15 in Axes
  6627 | D:6      | HP: 3/70 [centaur/arrow (5)]
  6980 | D:6      | Found a staircase to the Ecumenical Temple.
  7298 | D:6      | Noticed emiel's ghost (experienced HuBe)
  7511 | D:6      | Killed emiel's ghost
  7511 | D:6      | Reached skill level 16 in Axes
  7767 | D:6      | Acquired Qazlal's third power
  7767 | D:6      | Reached XP level 10. HP: 68/77 MP: 10/10
  8541 | D:7      | Reached skill level 17 in Axes
  8878 | D:7      | Reached skill level 5 in Fighting
  8963 | D:7      | Noticed Joseph
  8985 | D:7      | Killed Joseph
 10099 | D:8      | Found a burning altar of Makhleb.
 10099 | D:8      | Found a sacrificial altar of Ru.
 10100 | D:8      | Found a blossoming altar of Fedhas.
 10239 | D:8      | Acquired Qazlal's fourth power
 10322 | D:8      | Found a white marble altar of Elyvilon.
 10842 | D:8      | Reached skill level 10 in Fighting
 10996 | D:9      | Reached skill level 1 in Invocations
 11163 | D:9      | Reached XP level 11. HP: 99/99 MP: 13/13
 11654 | D:10     | Entered Level 10 of the Dungeon
 11701 | D:10     | Reached skill level 5 in Invocations
 12543 | D:10     | Found Iluadoli's Armour Boutique.
 12566 | D:10     | Bought a +2 scale mail of poison resistance for 216 gold pieces
 12566 | D:10     | Bought a +0 cloak for 54 gold pieces
 12566 | D:10     | Bought a +0 helmet for 54 gold pieces
 12916 | D:10     | Found a staircase to the Lair.
 12962 | D:10     | Noticed a necromancer
 13287 | D:10     | Found a blossoming altar of Fedhas.
 13403 | D:10     | Noticed a hell knight
 13426 | Lair:1   | Entered Level 1 of the Lair of Beasts
 13433 | Lair:1   | Reached skill level 10 in Invocations
 13447 | Lair:1   | Acquired Qazlal's fifth power
 13461 | Lair:1   | HP: 4/99 [blink frog (3)]
 13462 | Lair:1   | HP: 1/99 [blink frog (11)]
 13473 | D:10     | HP: 2/99 [blink frog (7)]
 14024 | Lair:1   | Noticed Fannar
 14039 | D:10     | HP: 2/99 [Fannar/quarterstaff of freezing (6)]
 14040 | D:10     | Killed Fannar
 14040 | D:10     | Reached XP level 12. HP: 1/106 MP: 12/21
 15197 | Lair:2   | Reached skill level 5 in Armour
 15490 | Lair:2   | Found a frozen archway.
 15518 | IceCv    | Entered an ice cave
 16524 | IceCv    | Noticed a death yak
 16525 | IceCv    | Noticed a death yak
 16534 | IceCv    | Killed a death yak
 16542 | IceCv    | Killed a death yak
 16880 | IceCv    | Reached skill level 10 in Armour
 17124 | IceCv    | Noticed a death yak
 17146 | IceCv    | Killed a death yak
 17178 | IceCv    | Reached XP level 13. HP: 25/113 MP: 22/22
 17186 | IceCv    | Mangled by a polar bear

Vault maps used:
D:1:      lordsloth_arrival_two_stooges, minmay_surrounded
D:2:      nicolae_overflow_hidden_temple, first_bread, ecumenical_altar_1,
          nrook_mini_backslash, uniq_jessica
D:3:      cheibriados_altar_1, minmay_misc_feat_hallway
D:4:      lemuel_crystal_altar, minmay_misc_feat_roman, uniq_edmund,
          uniq_sigmund
D:5:      uniq_blork_the_orc, uniq_pikel, uniq_duvessa, uniq_grinder
D:6:      corexii_shantytown, minmay_temple_entry_junction
D:7:      uniq_joseph
D:8:      lemuel_ratsnest, kennysheep_little_box, minitemple
D:10:     grunt_lair_entry_elf_guard_hut, serial_shops, shop,
          hangedman_tree_tricks, spider_trap, minmay_rotating_lava
Lair:1:   uniq_fannar
Lair:2:   portal_ice_cave_entry_pillars_02
IceCv:    ice_cave_caverns_03

Action                   |  1- 3 |  4- 6 |  7- 9 | 10-12 | 13-15 || total
-------------------------+-------+-------+-------+-------+-------++-------
Melee: War axe           |   111 |   206 |   397 |   886 |     3 ||  1603
Invok: Upheaval          |       |       |       |     6 |       ||     6
Evoke: Wand              |       |       |     3 |    14 |       ||    17
  Use: Potion            |       |     3 |     1 |     3 |       ||     7
       Scroll            |       |       |    10 |     4 |       ||    14
 Stab: Distracted        |       |       |     3 |       |       ||     3
  Eat: Chunk             |       |     3 |    10 |    27 |       ||    40
       Bread ration      |       |     1 |       |       |       ||     1
       Meat ration       |       |       |     1 |       |       ||     1
       Fruit             |       |       |       |     4 |       ||     4
